WLB
WASHINGTON NATIONALS @ MIAMI MARLINS
06/17/2023
 
TOP OF THE 1ST
Washington Nationals batting - Pitching for Miami Marlins : LHP Ryan Weathers
Pitching: LHP Ryan Weathers
Batting: SHB Jorge Polanco 0-0: Called Strike
0-1: Ball
1-1: Fly out, F9 (Flyball, 9LS, EV 92.5 MPH)
Batting: RHB Jeremy Pena 0-0: Fly out, F9 (Flyball, 89M, EV 82.5 MPH)
Batting: RHB José Abreu 0-0: Foul Ball, location: 2F
0-1: Ground out 6-3 (Groundball, 6D, EV 101.2 MPH)
Top of the 1st over - 0 runs, 0 hits, 0 errors, 0 left on base; Washington 0 - Miami 0
BOTTOM OF THE 1ST
Miami Marlins batting - Pitching for Washington Nationals : LHP Jalen Beeks
Pitching: LHP Jalen Beeks
Batting: LHB Andres Gimenez 0-0: Ball
1-0: Ball
2-0: SINGLE (Line Drive, 7S, EV 100.6 MPH)
Batting: LHB Jake Bauers 0-0: Ball
1-0: Foul Ball, location: 2F
1-1: Ball
2-1: Swinging Strike
2-2: Strikes out swinging
Batting: LHB Michael Conforto 0-0: Swinging Strike
0-1: Ball
1-1: Ball
2-1: Called Strike
2-2: Foul Ball, location: 2F
2-2: Ball
3-2: SINGLE (Line Drive, 6MD, EV 97.5 MPH)
Andres Gimenez to second
Runner from 2nd tries for 3rd, OUT! 8-5
Batting: RHB Trevor Story 0-0: SINGLE (Line Drive, 7LS, EV 95.6 MPH)
Michael Conforto to second
Runner from 2nd tries for 3rd, SAFE, throw by LF made to third
Batting: RHB Tom Murphy 0-0: Swinging Strike
0-1: Foul Ball, location: 2F
0-2: Ball
Wild Pitch!
Michael Conforto scores
Trevor Story to second
1-2: Ball
2-2: Ball
3-2: Strikes out swinging
Bottom of the 1st over - 1 run, 3 hits, 0 errors, 1 left on base; Washington 0 - Miami 1
TOP OF THE 2ND
Washington Nationals batting - Pitching for Miami Marlins : LHP Ryan Weathers
Batting: RHB Tyler O'Neill 0-0: Ball
1-0: Ground out 5-3 (Groundball, 56S, EV 75.6 MPH)
Batting: RHB Willson Contreras 0-0: Ball
1-0: Called Strike
1-1: Ball
2-1: Foul Ball, location: 2F
2-2: Strikes out looking
Batting: RHB Casey Schmitt 0-0: Called Strike
0-1: Ball
1-1: Ball
2-1: SINGLE (Line Drive, 8LS, EV 106.2 MPH)
Batting: RHB Jorge Soler 0-0: Ball
1-0: Called Strike
1-1: Called Strike
1-2: Strikes out swinging
Top of the 2nd over - 0 runs, 1 hit, 0 errors, 1 left on base; Washington 0 - Miami 1
BOTTOM OF THE 2ND
Miami Marlins batting - Pitching for Washington Nationals : LHP Jalen Beeks
Batting: RHB Ryan McKenna 0-0: Called Strike
0-1: Ground out 5-3 (Groundball, 56, EV 91.9 MPH)
Batting: SHB Dylan Carlson 0-0: Called Strike
0-1: Swinging Strike
0-2: Ball
1-2: Strikes out looking
Batting: LHB Jace Peterson 0-0: Ball
1-0: Called Strike
1-1: Foul Ball, location: 2F
1-2: Ball
2-2: Foul Ball, location: 2F
2-2: Fly out, F7 (Flyball, 7LM, EV 91.2 MPH)
Bottom of the 2nd over - 0 runs, 0 hits, 0 errors, 0 left on base; Washington 0 - Miami 1
TOP OF THE 3RD
Washington Nationals batting - Pitching for Miami Marlins : LHP Ryan Weathers
Batting: RHB Miguel Vargas 0-0: Swinging Strike
0-1: Called Strike
0-2: Ball
1-2: Foul Ball, location: 2F
1-2: Ground out 5-3 (Groundball, 56S, EV 92.5 MPH)
Batting: LHB Jason Heyward 0-0: Called Strike
0-1: Foul Ball, location: 2F
0-2: Ball
1-2: Ball
2-2: Foul Ball, location: 2F
2-2: Ball
3-2: Foul Ball, location: 2F
3-2: TRIPLE (Line Drive, 89XD, EV 104.4 MPH)
Batting: SHB Jorge Polanco 0-0: Ball
1-0: Foul Ball, location: 2F
1-1: Ball
2-1: Ball
3-1: Called Strike
3-2: Base on Balls
Batting: RHB Jeremy Pena 0-0: Called Strike
0-1: Called Strike
0-2: Ball
1-2: Ball
2-2: Foul Ball, location: 2F
2-2: Foul Ball, location: 2F
2-2: Strikes out swinging
Batting: RHB José Abreu 0-0: Called Strike
0-1: Ball
1-1: Called Strike
1-2: Fly out, F5 (Popup, 56, EV 66.9 MPH)
Top of the 3rd over - 0 runs, 1 hit, 0 errors, 2 left on base; Washington 0 - Miami 1
BOTTOM OF THE 3RD
Miami Marlins batting - Pitching for Washington Nationals : LHP Jalen Beeks
Batting: SHB Geraldo Perdomo 0-0: Reached on error, E6 (Groundball, 6, EV 83.1 MPH)
Batting: LHB Andres Gimenez 0-0: Called Strike
0-1: Called Strike
0-2: Foul Ball, location: 2F
0-2: Strikes out swinging
Batting: LHB Jake Bauers 0-0: Swinging Strike
0-1: Ball
1-1: SINGLE (Flyball, 9, EV 88.8 MPH)
Geraldo Perdomo to second
Batting: LHB Michael Conforto 0-0: Ball
1-0: Ball
2-0: Foul Ball, location: 2F
2-1: Ball
3-1: Foul Ball, location: 2F
3-2: SINGLE (Line Drive, 78S, EV 88.1 MPH)
Geraldo Perdomo to third
Jake Bauers to second
Runner from 3rd tries for Home, SAFE, throw by LF to home
Batting: RHB Trevor Story 0-0: Foul Ball, location: 2F
0-1: Foul Ball, location: 2F
0-2: Foul Ball, location: 2F
0-2: Foul Ball, location: 2F
0-2: Strikes out swinging
Batting: RHB Tom Murphy 0-0: Swinging Strike
0-1: Ball
1-1: Ball
2-1: Ball
3-1: Base on Balls
Jake Bauers to third
Michael Conforto to second
Batting: RHB Ryan McKenna 0-0: Ball
1-0: Called Strike
1-1: Swinging Strike
1-2: Ball
2-2: Strikes out swinging
Bottom of the 3rd over - 1 run, 2 hits, 1 error, 3 left on base; Washington 0 - Miami 2
TOP OF THE 4TH
Washington Nationals batting - Pitching for Miami Marlins : LHP Ryan Weathers
Batting: RHB Tyler O'Neill 0-0: Called Strike
0-1: Foul Ball, location: 2F
0-2: Ball
1-2: Foul Ball, location: 2F
1-2: Foul Ball, location: 2F
1-2: Strikes out swinging
Batting: RHB Willson Contreras 0-0: Foul Ball, location: 2F
0-1: Ball
1-1: Foul Ball, location: 2F
1-2: SINGLE (Flyball, 56D, EV 89.4 MPH)
Batting: RHB Casey Schmitt 0-0: DOUBLE (Line Drive, 7LM, EV 103.1 MPH)
Willson Contreras to third
Runner from 3rd tries for Home, SAFE, throw by LF to home
Batting: RHB Jorge Soler 0-0: Swinging Strike
0-1: Ball
1-1: Foul Ball, location: 2F
1-2: Ball
2-2: Strikes out swinging
Batting: RHB Miguel Vargas 0-0: Ball
1-0: Ball
2-0: Ball
3-0: Called Strike
3-1: Base on Balls
Batting: LHB Jason Heyward 0-0: Swinging Strike
0-1: Swinging Strike
0-2: Ball
1-2: Foul Ball, location: 2F
1-2: Strikes out looking
Top of the 4th over - 1 run, 2 hits, 0 errors, 2 left on base; Washington 1 - Miami 2
BOTTOM OF THE 4TH
Miami Marlins batting - Pitching for Washington Nationals : LHP Jalen Beeks
Batting: SHB Dylan Carlson 0-0: Ball
1-0: Ball
2-0: Ground out 6-3 (Groundball, 6, EV 106.2 MPH)
Batting: LHB Jace Peterson 0-0: Foul Ball, location: 2F
0-1: Ball
1-1: Ball
2-1: Ball
3-1: Foul Ball, location: 2F
3-2: Base on Balls
Batting: SHB Geraldo Perdomo 0-0: Ball
1-0: Called Strike
1-1: Ball
2-1: Ball
3-1: Fly out, F8 (Flyball, 8RM, EV 91.2 MPH)
Batting: LHB Andres Gimenez 0-0: Ball
1-0: Swinging Strike
1-1: Ground out 4-3 (Groundball, 34S, EV 83.8 MPH)
Bottom of the 4th over - 0 runs, 0 hits, 0 errors, 1 left on base; Washington 1 - Miami 2
TOP OF THE 5TH
Washington Nationals batting - Pitching for Miami Marlins : LHP Ryan Weathers
Batting: SHB Jorge Polanco 0-0: SINGLE (Groundball, 6MD, EV 108.8 MPH)
Batting: RHB Jeremy Pena 0-0: Called Strike
0-1: Sac Bunt to 2L - play at first, batter OUT! 2-3
Jorge Polanco to second
Batting: RHB José Abreu 0-0: Ball
1-0: Ball
2-0: Called Strike
2-1: SINGLE (Line Drive, 56D, EV 104.4 MPH)
Jorge Polanco to third
Batting: RHB Tyler O'Neill 0-0: Swinging Strike
0-1: Ball
1-1: Ball
2-1: SINGLE (Groundball, 56D, EV 96.9 MPH)
Jorge Polanco scores
José Abreu to second
Batting: RHB Willson Contreras 0-0: Called Strike
0-1: Foul Ball, location: 2F
0-2: Fly out, F7 (Flyball, 7S, EV 83.8 MPH)
Batting: RHB Casey Schmitt 0-0: Swinging Strike
0-1: Ball
1-1: Ball
2-1: Ball
3-1: Base on Balls
José Abreu to third
Tyler O'Neill to second
Batting: RHB Jorge Soler 0-0: Ball
1-0: Ball
2-0: Ground out 5-3 (Groundball, 56S, EV 69.4 MPH)
Top of the 5th over - 1 run, 3 hits, 0 errors, 3 left on base; Washington 2 - Miami 2
BOTTOM OF THE 5TH
Miami Marlins batting - Pitching for Washington Nationals : LHP Jalen Beeks
Pitching: RHP Will Klein
Batting: LHB Jake Bauers 0-0: Called Strike
0-1: Swinging Strike
0-2: Strikes out swinging
Batting: LHB Michael Conforto 0-0: Foul Ball, location: 2F
0-1: Hit by Pitch
Batting: RHB Trevor Story 0-0: Ball
1-0: Called Strike
1-1: Called Strike
1-2: Ball
2-2: Strikes out swinging
Batting: RHB Tom Murphy 0-0: Ball
1-0: Swinging Strike
1-1: Foul Ball, location: 2F
1-2: Ball
2-2: Strikes out swinging
Bottom of the 5th over - 0 runs, 0 hits, 0 errors, 1 left on base; Washington 2 - Miami 2
TOP OF THE 6TH
Washington Nationals batting - Pitching for Miami Marlins : LHP Ryan Weathers
Pitching: LHP Danny Coulombe
Batting: RHB Miguel Vargas 0-0: SOLO HOME RUN (Line Drive, 7D, EV 99.4 MPH), Distance : 396 ft
Batting: LHB Jason Heyward 0-0: Hit by Pitch
Batting: SHB Jorge Polanco 0-0: Sac Bunt to 15 - play at first, batter OUT! 1-3
Jason Heyward to second
Batting: RHB Jeremy Pena 0-0: Swinging Strike
0-1: Ball
1-1: Fly out, F8 (Flyball, 8LXD, EV 104.4 MPH)
Runner from 2nd tags up, SAFE at 3rd, no throw by CF
Batting: RHB José Abreu 0-0: Swinging Strike
0-1: Foul Ball, location: 2F
0-2: Ball
1-2: Ground out 4-3 (Groundball, 34, EV 108.1 MPH)
Top of the 6th over - 1 run, 1 hit, 0 errors, 1 left on base; Washington 3 - Miami 2
BOTTOM OF THE 6TH
Miami Marlins batting - Pitching for Washington Nationals : RHP Will Klein
Batting: RHB Ryan McKenna 0-0: Ball
1-0: Ball
2-0: Foul Ball, location: 2F
2-1: Ball
3-1: Base on Balls
Pitching: RHP Bryce Montes De Oca
Batting: SHB Dylan Carlson 0-0: Ball
1-0: Foul Ball, location: 2F
1-1: Foul Ball, location: 2F
1-2: Ball
2-2: Ball
3-2: Strikes out swinging
Batting: LHB Jace Peterson 0-0: Ball
1-0: Swinging Strike
1-1: Foul Ball, location: 2F
1-2: Foul Ball, location: 2F
1-2: Foul Ball, location: 2F
1-2: Ball
2-2: Grounds into double play, 4-6-3 (Groundball, 4, EV 79.4 MPH)
Bottom of the 6th over - 0 runs, 0 hits, 0 errors, 0 left on base; Washington 3 - Miami 2
TOP OF THE 7TH
Washington Nationals batting - Pitching for Miami Marlins : LHP Danny Coulombe
Batting: RHB Tyler O'Neill 0-0: Ball
1-0: Ball
2-0: Ball
3-0: Called Strike
3-1: Base on Balls
Batting: RHB Willson Contreras 0-0: Grounds into double play, 6-4-3 (Groundball, 6, EV 100.6 MPH)
Batting: RHB Casey Schmitt 0-0: Foul Ball, location: 2F
0-1: SOLO HOME RUN (Flyball, 7LD, EV 95.0 MPH), Distance : 361 ft
Batting: RHB Jorge Soler 0-0: Called Strike
0-1: Foul Ball, location: 2F
0-2: Ball
1-2: Ball
2-2: Ball
3-2: Fly out, F7 (Flyball, 7D, EV 87.5 MPH)
Top of the 7th over - 1 run, 1 hit, 0 errors, 0 left on base; Washington 4 - Miami 2
BOTTOM OF THE 7TH
Miami Marlins batting - Pitching for Washington Nationals : RHP Bryce Montes De Oca
Batting: SHB Geraldo Perdomo 0-0: Ball
1-0: Called Strike
1-1: Ball
2-1: Called Strike
2-2: Ground out U3 (Groundball, 3, EV 86.9 MPH)
Pitching: LHP Garrett Crochet
Batting: LHB Andres Gimenez 0-0: Called Strike
0-1: SINGLE (Groundball, 34D, EV 98.8 MPH)
Batting: LHB Jake Bauers 0-0: Ball
1-0: Foul Ball, location: 2F
1-1: Ball
2-1: Fielders Choice at 2nd, 5-4 (Groundball, 5, EV 76.2 MPH)
Batting: LHB Michael Conforto 0-0: Ball
1-0: Ball
2-0: Ball
3-0: Called Strike
3-1: Base on Balls
Jake Bauers to second
Pitching: RHP Matt Barnes
Batting: RHB Trevor Story 0-0: Ball
1-0: Ball
Wild Pitch!
Jake Bauers to third
Michael Conforto to second
2-0: Called Strike
2-1: Called Strike
2-2: Foul Ball, location: 2F
2-2: Strikes out looking
Bottom of the 7th over - 0 runs, 1 hit, 0 errors, 2 left on base; Washington 4 - Miami 2
TOP OF THE 8TH
Washington Nationals batting - Pitching for Miami Marlins : LHP Danny Coulombe
Pitching: RHP Kyle Brnovich
Batting: RHB Miguel Vargas 0-0: Foul Ball, location: 2F
0-1: SINGLE (Groundball, 6M, EV 99.4 MPH)
Batting: LHB Jason Heyward 0-0: Called Strike
0-1: Fielders Choice at 2nd, 1-4 (Groundball, 25, EV 67.5 MPH)
Batting: SHB Jorge Polanco 0-0: Ball
1-0: Swinging Strike
1-1: Ball
2-1: Called Strike
2-2: Ball
3-2: Strikes out swinging
Batting: RHB Jeremy Pena 0-0: Foul Ball, location: 2F
0-1: Called Strike
0-2: Strikes out swinging
Top of the 8th over - 0 runs, 1 hit, 0 errors, 1 left on base; Washington 4 - Miami 2
BOTTOM OF THE 8TH
Miami Marlins batting - Pitching for Washington Nationals : RHP Matt Barnes
Batting: RHB Tom Murphy 0-0: Ball
1-0: Foul Ball, location: 2F
1-1: Foul Ball, location: 2F
1-2: Foul Ball, location: 2F
1-2: Ball
2-2: Foul Ball, location: 2F
2-2: Fly out, F9 (Flyball, 89M, EV 81.9 MPH)
Batting: RHB Ryan McKenna 0-0: Called Strike
0-1: Ball
1-1: Swinging Strike
1-2: Strikes out swinging
Batting: SHB Dylan Carlson 0-0: Called Strike
0-1: Foul Ball, location: 2F
0-2: Ball
1-2: Strikes out looking
Bottom of the 8th over - 0 runs, 0 hits, 0 errors, 0 left on base; Washington 4 - Miami 2
TOP OF THE 9TH
Washington Nationals batting - Pitching for Miami Marlins : RHP Kyle Brnovich
Batting: RHB José Abreu 0-0: Ball
1-0: Foul Ball, location: 2F
1-1: Called Strike
1-2: Strikes out looking
Batting: RHB Tyler O'Neill 0-0: Ball
1-0: Called Strike
1-1: Swinging Strike
1-2: Ball
2-2: Foul Ball, location: 2F
2-2: Strikes out swinging
Batting: RHB Willson Contreras 0-0: Fly out, F3 (Popup, 23F, EV 77.5 MPH)
Top of the 9th over - 0 runs, 0 hits, 0 errors, 0 left on base; Washington 4 - Miami 2
BOTTOM OF THE 9TH
Miami Marlins batting - Pitching for Washington Nationals : RHP Matt Barnes
Pitching: RHP Victor Arano
Batting: LHB Jace Peterson 0-0: Ball
1-0: Foul Ball, location: 2F
1-1: Called Strike
1-2: Strikes out swinging
Pinch Hitting: LHB Daniel Vogelbach 0-0: Foul Ball, location: 2F
0-1: Ball
1-1: Called Strike
1-2: SOLO HOME RUN (Flyball, 9D, EV 96.9 MPH), Distance : 378 ft
Batting: LHB Andres Gimenez 0-0: Ball
1-0: Called Strike
1-1: Ball
2-1: Fly out, F7 (Flyball, 7LM, EV 84.4 MPH)
Batting: LHB Jake Bauers 0-0: Foul Ball, location: 2F
0-1: Foul Ball, location: 2F
0-2: Fly out, F9 (Flyball, 9LD, EV 85.0 MPH)
Bottom of the 9th over - 1 run, 1 hit, 0 errors, 0 left on base; Washington 4 - Miami 3
Tuesday, April 18th , 2023 - OOTP Baseball 23.10 Build 110